cohdb
Replays
Latest Replays
All Replays
Popular Replays
Top Player Replays
Match Explorer
How It Works
Community
CoH3 Stats
Reddit
Sign in to upload your games and track your stats! →
Sign in with Steam
Match 39916045
Unlisted
Match 39916045
Overview
Messages
Build Orders
End
Construct Infanterie Kompanie
Selects Terror Battlegroup
Selects Machine Gun Camouflage
MG 42 Machine Gun Team
MG 42 Machine Gun Team
Grenadier Squad
Grenadier Squad
Construct Panzergrenadier Kompanie
Selects Interrogate
251 Medium Carrier
Pak 40 Anti-tank Gun Team
Medical Bunker
Forward Retreat Point
Construct Luftwaffe Kompanie
Support Elements
Wirbelwind Flakpanzer
Side Skirts
Selects No Quarter
Nebelwerfer 42 Rocket Launcher Team
wila
Pannkaka
海绵宝宝伯约
1738720734
玉面手雷王
yylyoo
ZNMOP
Ashirvad Patel
0
0
Comments
sign in to comment!
No comments posted yet!